 Dungeon Crawl Stone Soup version 0.26.1-11-gd32895ea62 (webtiles) character file.

Game seed: 9750799457736655287

10679 DildoBatman the Blocker (level 11, -14/81 HPs)
             Began as a Formicid Conjurer on July 28, 2021.
             Was a Priest of Kikubaaqudgha.
             Demolished by a white ugly thing (29 damage)
             ... on level 11 of the Dungeon.
             The game lasted 00:42:34 (10968 turns).

DildoBatman the Blocker (Formicid Conjurer)        Turns: 10968, Time: 00:42:34

Health: -14/81     AC: 10    Str: 12    XL:     11   Next: 97%
Magic:  2/21       EV: 14    Int: 18    God:    Kikubaaqudgha [***...]
Gold:   372        SH:  7    Dex: 18    Spells: 7/24 levels left

rFire    . . .     SeeInvis +   a - +7 spear
rCold    . . .     Faith    .   k - +0 buckler
rNeg     + . .     Spirit   .   o - +2 troll leather armour
rPois    +         Reflect  .   (helmet unavailable)
rElec    .         Harm     .   y - +0 cloak {rPois}
rCorr    .         Rampage  .   V - +0 pair of gloves
Will     +....                  g - +0 pair of boots
Stlth    ++........             (no amulet)
HPRegen  0.63/turn              F - ring of positive energy
MPRegen  0.17/turn              j - +6 ring of dexterity

@: very slightly contaminated
A: permanent stasis, dig shafts and tunnels, four strong arms, antennae 3
a: Dig, Shaft Self, Renounce Religion, Receive Corpses


You were on level 11 of the Dungeon.
You worshipped Kikubaaqudgha.
Kikubaaqudgha was most pleased with you.
You visited 2 branches of the dungeon, and saw 12 of its levels.
You also visited: Ossuary.

You collected 431 gold pieces.
You spent 59 gold pieces at shops.

Inventory:

Hand Weapons
 a - a +7 spear (weapon)
 b - a +2 hunting sling of freezing
 d - a +3 long sword
 e - the +1 arbalest of Big Damage {elec, Str+6}
   (You found it on level 7 of the Dungeon)

   It charges the ammunition it shoots with electricity; occasionally upon a
   hit, such missiles may discharge and cause terrible harm.
   It affects your strength (+6).
 f - a +0 scimitar of flaming
 H - the +5 trident "Xelyrent" {vorpal, rElec}
   (You took it off a spriggan on level 9 of the Dungeon)

   It inflicts extra damage upon your enemies.
   It insulates you from electricity.
Missiles
 c - 12 javelins
 n - 342 stones
 q - a throwing net
 v - 184 arrows
 O - 51 sling bullets
 P - 18 bolts
Armour
 g - a +0 pair of boots (worn)
 k - a +0 buckler (worn)
 o - a +2 troll leather armour (worn)
 w - a +2 ring mail of cold resistance
 y - a +0 cloak of poison resistance (worn)
 V - a +0 pair of gloves (worn)
Magical Staves
 i - an uncursed staff of fire {unknown}
Jewellery
 j - a +6 ring of dexterity (right hand)
 F - a ring of positive energy (left hand)
Scrolls
 l - 2 scrolls of enchant weapon
 m - 3 scrolls of amnesia
 p - 5 scrolls of fog
 u - 2 scrolls of torment
 x - 5 scrolls of remove curse
 z - a scroll of identify
 A - a scroll of fear {unknown}
 C - 2 scrolls of magic mapping
 I - 3 scrolls of summoning
 J - 2 scrolls of brand weapon {unknown}
 K - 2 scrolls of immolation
 M - a scroll of silence {unknown}
 N - a scroll of blinking {unknown}
Potions
 h - 3 potions of heal wounds {unknown}
 r - 4 potions of curing
 t - a potion of haste {unknown}
 B - 4 potions of brilliance {unknown}
 D - a potion of might {unknown}
 E - 2 potions of degeneration {unknown}
 G - 3 potions of attraction {unknown}
 L - a potion of invisibility {unknown}
 R - a potion of resistance {unknown}
 S - a potion of ambrosia {unknown}
 U - 3 potions of flight {unknown}


   Skills:
 - Level 6.1 Fighting
 - Level 6.1 Armour
 - Level 4.2 Dodging
 - Level 2.4 Stealth
 - Level 9.0 Shields
 - Level 7.0 Spellcasting
 - Level 6.0 Conjurations
 - Level 9.0 Necromancy
 * Level 7.2 Earth Magic


You had 7 spell levels left.
You knew the following spells:

 Your Spells              Type           Power        Failure   Level
a - Borgnjor's Vile Clut  Necr/Erth      17%          13%         5
c - Searing Ray           Conj           54%          1%          2
d - Vampiric Draining     Necr           19%          1%          3
f - Magic Dart            Conj           100%         1%          1
h - Dispel Undead         Necr           38%          3%          4
z - Sublimation of Blood  Necr           19%          1%          2

Your spell library contained the following spells:

 Spells                   Type           Power        Failure   Level
 Animate Skeleton         Necr           76%          1%          1
 Pain                     Necr           100%         1%          1
 Corpse Rot               Necr/Air       N/A          3%          2
 Animate Dead             Necr           19%          3%          4
 Excruciating Wounds      Necr           19%          9%          5
 Dazzling Flash           Conj/Hex       34%          12%         3
 Apportation              Tloc           12%          13%         1
 Corona                   Hex            6%           13%         1
 Summon Small Mammal      Summ           24%          13%         1
 Petrify                  Tmut/Erth      19%          30%         4
 Confusing Touch          Hex            6%           36%         3
 Gell's Gravitas          Tloc           3%           36%         3
 Fulminant Prism          Conj/Hex       8%           36%         4
 Iskenderun's Mystic Bla  Conj/Tloc      17%          36%         4
 Death Channel            Necr           19%          45%         6
 Irradiate                Conj/Tmut      8%           71%         5
 Metabolic Englaciation   Hex/Ice        3%           98%         5
 Yara's Violent Unravell  Hex/Tmut       3%           98%         5
 Statue Form              Tmut/Erth      12%          99%         6
 Hydra Form               Tmut           3%           100%        6
 Dragon Form              Tmut           3%           100%        7


Dungeon Overview and Level Annotations

Branches:
Dungeon (11/15)            Temple (1/1) D:6            Lair (0/6) D:9
    Orc (0/2) D:10        Ossuary (visited)

Altars:
Ashenzari
Cheibriados
Dithmenos
Elyvilon
Fedhas
Gozag
Hepliaklqana
Kikubaaqudgha
Makhleb
Nemelex Xobeh
Okawaru
Qazlal
Ru
Sif Muna
Trog
Uskayaw
Vehumet
Wu Jian
Xom
Yredelemnul
Zin
The Shining One

Shops:
D:6 *   D:8 *

Annotations:
D:9 exclusion: dancing weapon


Innate Abilities, Weirdness & Mutations

You cannot be hasted, slowed, berserked, paralysed or teleported.
You can dig through walls and to a lower floor.
Your four strong arms can wield two-handed weapons with a shield.
You have a pair of large antennae on your head. (SInv)


Message History

Confirm with . or Enter, or press ? or * to list all spells.
Aiming: Vampiric Draining (safe; 1% risk of failure)
Press: ? - help, Shift-Dir - straight line, f/p - white ugly thing
Aim: a white ugly thing (moderately wounded, constricted by zombie hands)
The white ugly thing is heavily wounded.
You feel life coursing into your body.
The zombie hands constrict the white ugly thing.
The white ugly thing headbutts you. The white ugly thing freezes you!
Casting: Vampiric Draining (safe; 1% risk of failure)
Confirm with . or Enter, or press ? or * to list all spells.
You don't have enough magic to cast that spell.
Unknown command.
You hit the white ugly thing but do no damage.
The white ugly thing is severely wounded.
The zombie hands constrict the white ugly thing!
The white ugly thing headbutts you. The white ugly thing freezes you!!
You die...
Kikubaaqudgha rasps: "You have failed me!
Welcome... death!"

#(.#
#..#
#.{#
#..#
#..#
##<.#
##(..#
##u#..#
##@##..#
#.###..#
### #..#
#..#
#..# ..#


You could see a white ugly thing (clutched).

Vanquished Creatures
  Erica (D:10)
  A two-headed ogre (D:9)
  The ghost of Almogavar the Carver, a novice PaBe of Trog (D:9)
  Joseph (D:7)
  Psyche (D:10)
  Maggie (D:10)
  3 trolls
  2 spriggans (D:9)
  7 yaks
  3 wargs (D:9)
  4 orc warriors
  6 sky beasts
  3 ice beasts
  2 phantoms
  A necrophage (D:11)
  A black bear (D:6)
  4 centaurs
  2 wolves (D:9)
  An ogre (D:4)
  A big kobold (D:10)
  3 bullfrogs
  11 scorpions
  7 killer bees
  10 wights
  3 jellies
  2 howler monkeys
  A human zombie (Ossuary)
  A quasit (D:10)
  2 centaur zombies
  A bullfrog zombie (D:5)
  2 centaur skeletons
  6 orc priests
  8 hounds
  8 orc wizards
  An iguana (D:4)
  6 worker ants
  A big kobold zombie (Ossuary)
  4 hound skeletons
  3 mummies (Ossuary)
  A worker ant zombie (D:8)
  3 adders
  6 gnolls (D:3)
  A howler monkey skeleton (D:9)
  5 scorpion zombies (Ossuary)
  2 shadow imps
  3 white imps
  2 ufetubi
  A worm zombie (D:5)
  2 adder skeletons
  3 worms
  13 dart slugs
  5 leopard geckos
  35 orcs
  A ball python (D:4)
  5 giant cockroaches
  2 gnoll zombies (Ossuary)
  7 goblins
  10 hobgoblins
  15 jackals
  6 quokkas
  10 bats
  2 frilled lizards
  2 goblin zombies (Ossuary)
  A hobgoblin zombie (Ossuary)
  18 kobolds
  A kobold zombie (Ossuary)
  An orc zombie (Ossuary)
  14 rats
303 creatures vanquished.

Vanquished Creatures (others)
  A scorpion zombie (Ossuary)
  2 fungi (D:9)
  4 plants (D:9)
7 creatures vanquished.

Grand Total: 310 creatures vanquished

Notes
Turn   | Place    | Note
-------+----------+-------------------------------------------
     0 | D:1      | DildoBatman the Formicid Conjurer began the quest for the
                  | Orb.
     0 | D:1      | Reached XP level 1. HP: 13/13 MP: 3/3
   227 | D:1      | Reached XP level 2. HP: 17/19 MP: 1/5
   230 | D:1      | Learned a level 2 spell: Searing Ray
   418 | D:1      | Reached XP level 3. HP: 24/24 MP: 2/6
   991 | D:2      | Reached skill level 1 in Fighting
   991 | D:2      | Reached XP level 4. HP: 32/32 MP: 2/7
  1053 | D:2      | Reached skill level 1 in Armour
  1755 | D:3      | Reached XP level 5. HP: 37/37 MP: 1/9
  2041 | D:3      | Reached skill level 1 in Shields
  2324 | D:2      | Found a shimmering blue altar of Sif Muna.
  2422 | D:3      | Found a glowing silver altar of Zin.
  2797 | D:4      | Found a white marble altar of Elyvilon.
  2973 | D:4      | Found a basalt altar of Yredelemnul.
  3066 | D:4      | Noticed an ogre
  3073 | D:4      | Killed an ogre
  3074 | D:4      | Reached skill level 5 in Conjurations
  3074 | D:4      | Reached XP level 6. HP: 16/44 MP: 4/11
  3530 | D:4      | Noticed a phantom
  3776 | D:4      | Reached XP level 7. HP: 45/50 MP: 7/12
  4141 | D:5      | Entered Level 5 of the Dungeon
  4329 | D:5      | Found a sand-covered staircase.
  4372 | D:5      | Reached skill level 5 in Spellcasting
  4398 | Ossuary  | Entered an ossuary
  4417 | Ossuary  | Reached XP level 8. HP: 53/56 MP: 9/15
  5336 | D:6      | Found Keigis's Assorted Antiques.
  5339 | D:6      | Bought a golden potion for 18 gold pieces
  5339 | D:6      | Bought a golden potion for 18 gold pieces
  5661 | D:6      | Reached XP level 9. HP: 52/63 MP: 13/19
  5937 | D:6      | Found a blossoming altar of Fedhas.
  6062 | D:6      | Found a staircase to the Ecumenical Temple.
  6070 | Temple   | Entered the Ecumenical Temple
  6272 | Temple   | Became a worshipper of Kikubaaqudgha
  6579 | D:7      | Reached skill level 5 in Shields
  6753 | D:7      | Reached skill level 5 in Fighting
  6804 | D:7      | Reached skill level 5 in Armour
  6833 | D:7      | Noticed a troll
  6834 | D:7      | Noticed Joseph
  6966 | D:7      | Got a steaming arbalest
  6967 | D:7      | Identified the +1 arbalest of Big Damage {elec, Str+6} (You
                  | found it on level 7 of the Dungeon)
  7088 | D:7      | Killed a troll
  7089 | D:7      | Reached skill level 1 in Necromancy
  7388 | D:7      | Reached * piety under Kikubaaqudgha
  7388 | D:7      | Identified Kikubaaqudgha's Grimoire of Sinister Secrets
                  | (Kikubaaqudgha gifted it to you on level 7 of the Dungeon)
  7388 | D:7      | Received a gift from Kikubaaqudgha
  7389 | D:7      | Reached XP level 10. HP: 37/74 MP: 11/20
  7397 | D:7      | Learned a level 2 spell: Sublimation of Blood
  7401 | D:7      | Learned a level 3 spell: Vampiric Draining
  7513 | D:8      | Found Ratat's Assorted Antiques.
  7519 | D:8      | Bought a puce potion for 23 gold pieces
  8570 | D:9      | Reached skill level 5 in Necromancy
  8671 | D:9      | Reached ** piety under Kikubaaqudgha
  8770 | D:9      | Found a staircase to the Lair.
  8822 | D:9      | Found a broken altar of Ashenzari.
  8954 | D:9      | Found a hide-covered altar of Uskayaw.
  8954 | D:9      | Noticed a +0 dagger
  8954 | D:9      | Noticed a +0 dagger
  9018 | D:9      | Found a runed translucent door.
  9018 | D:9      | Noticed Almogavar's ghost (novice PaBe)
  9165 | D:9      | Identified the +5 trident "Xelyrent" {vorpal, rElec}
  9359 | D:9      | Noticed a two-headed ogre
  9412 | D:9      | Killed a two-headed ogre
  9478 | D:9      | Reached XP level 11. HP: 79/79 MP: 12/21
  9488 | D:9      | Found a radiant altar of Vehumet.
  9493 | D:9      | Found an ornate altar of the Wu Jian Council.
  9493 | D:9      | Found a shimmering blue altar of Sif Muna.
  9503 | D:9      | Found a shadowy altar of Dithmenos.
  9503 | D:9      | Found a sacrificial altar of Ru.
  9751 | D:10     | Entered Level 10 of the Dungeon
  9788 | D:10     | Noticed Erica
 10042 | D:10     | Found a hide-covered altar of Uskayaw.
 10062 | D:10     | Noticed Psyche
 10072 | D:10     | Killed Psyche
 10235 | D:10     | Reached *** piety under Kikubaaqudgha
 10235 | D:10     | Identified Kikubaaqudgha's Compendium of Stolen Souls
                  | (Kikubaaqudgha gifted it to you on level 10 of the Dungeon)
 10235 | D:10     | Received a gift from Kikubaaqudgha
 10258 | D:10     | Learned a level 4 spell: Dispel Undead
 10264 | D:10     | Learned a level 5 spell: Borgnjor's Vile Clutch
 10273 | D:10     | Reached skill level 1 in Earth Magic
 10300 | D:10     | Found a staircase to the Orcish Mines.
 10469 | D:10     | Noticed Maggie
 10483 | D:10     | Killed Maggie
 10563 | D:10     | Killed Erica
 10667 | D:7      | Killed Joseph
 10668 | D:7      | Reached skill level 5 in Earth Magic
 10773 | D:9      | Killed Almogavar's ghost
 10873 | D:11     | Noticed a white ugly thing
 10968 | D:11     | Demolished by a white ugly thing

Illustrated notes

Levels and vault maps discovered:
D:1:      moated_graveyard_arrival, layout_loops_cross
D:2:      lemuel_upstairs_altar, layout_loops_ring, serial_glass,
          glass_columns_b, glass_columns_b
D:3:      layout_loops_ring, lemuel_crystal_altar
D:4:      kennysheep_slugbush, layout_basic, kennysheep_ying_yang,
          grunt_ministairs_14
D:5:      layout_rooms, enter_ossuary_3
D:6:      layout_gridville, marbit_many_paths, minmay_temple_entry_fiery,
          serial_shops, kennysheep_mini
D:7:      layout_rooms, uniq_joseph
D:8:      layout_basic, serial_shops, shop
D:9:      layout_roguey, nicolae_overflow_crystal_walls,
          dancing_weapons_uskayaw, minmay_overflow_temple_star_hex,
          erik_lair_orcish_takeover, ebering_ghost_funeral_grove
D:10:     layout_small_grid, orc_0_dummy, basic_altar, uniq_maggie, uniq_psyche,
          uniq_erica
D:11:     layout_long_grid, uniq_gastronok
Temple:   minmay_temple_curvy_loop

Skill      XL: |  1  2  3  4  5  6  7  8  9 10 11 |
---------------+----------------------------------+-----
Conjurations   | 4 5 6 |  6.0
Fighting       | 1 2 3 5 6 |  6.1
Armour         | 1 2 3 5 6 |  6.1
Shields        | 2 3 4 7 9 |  9.0
Spellcasting   | 3 5 7 |  7.0
Dodging        | 2 3 4 |  4.2
Necromancy     | 2 7 9 |  9.0
Earth Magic    | 7 |  7.2
Stealth        | |  2.4

Action                   |  1- 3 |  4- 6 |  7- 9 | 10-12 || total
-------------------------+-------+-------+-------+-------++-------
Melee: Unarmed           |     6 |       |       |       ||     6
       Short sword       |     3 |    15 |       |       ||    18
       Dagger            |       |       |     1 |       ||     1
       Long sword        |       |       |     6 |    23 ||    29
       Spear             |       |       |       |    18 ||    18
 Fire: Hunting sling     |       |       |    75 |    84 ||   159
 Cast: Magic Dart        |    28 |    47 |     5 |     7 ||    87
       Searing Ray       |    13 |    42 |    70 |    80 ||   205
       Vampiric Draining |       |       |       |     6 ||     6
       Sublimation of Bl |       |       |       |     4 ||     4
       Borgnjor's Vile C |       |       |       |     5 ||     5
       Dispel Undead     |       |       |       |     4 ||     4
 Abil: Dig               |     2 |    18 |    29 |    22 ||    71
  Use: Scroll            |       |       |     9 |     8 ||    17
Armor: Robe              |     5 |    16 |    19 |     1 ||    41
       Troll leather arm |       |       |       |    24 ||    24
Dodge: Dodged            |    21 |    46 |    54 |    90 ||   211
Block: Buckler           |       |     5 |    36 |    49 ||    90
       Rpst.: Long sword |       |       |     6 |    19 ||    25
